 Dungeon Crawl Stone Soup version 0.29-a0-834-g1e95ca9f62 (webtiles) character file.

Game seed: 17219104085880542497

10 coolguy69 the Cutter (level 2, -1/16 HPs)
             Began as a Vine Stalker Monk on July 13, 2022.
             Slain by a kobold
             ... wielding a +2 short sword of electrocution
              (13 damage)
             ... on level 1 of the Dungeon.
             The game lasted 00:00:21 (504 turns).

coolguy69 the Cutter (Vine Stalker Monk)             Turns: 504, Time: 00:00:22

Health: -1/16      AC:  2    Str: 13    XL:     2   Next: 20%
Magic:  0/3        EV: 13    Int: 10    God:
Gold:   48         SH:  0    Dex: 16    Spells: 1/1 levels left

rFire   . . .      SeeInvis .   g - +2 dagger (drain)
rCold   . . .      Faith    .   (no shield)
rNeg    . . .      Spirit   +   b - +0 robe
rPois   .          Reflect  .   (no helmet)
rElec   .          Harm     .   (no cloak)
rCorr   .          Rampage  .   (no gloves)
Will    .....                   (no boots)
Stlth   ++........              (no amulet)
HPRegen 0.05/turn               (no ring)
MPRegen 0.08/turn               (no ring)

@: no status effects
A: fangs 2, magic shield, antimagic bite, no potion heal 2
a: no special abilities


You were on level 1 of the Dungeon.
You visited 1 branch of the dungeon, and saw 1 of its levels.

You collected 48 gold pieces.

Inventory:

Hand Weapons
 g - a +2 dagger of draining (weapon)
Armour
 b - a +0 robe (worn)
Jewellery
 e - a ring of positive energy
Potions
 c - a potion of ambrosia
 f - a potion of heal wounds


   Skills:
 + Level 2.8 Fighting
 + Level 2.9 Short Blades
 + Level 2.6 Dodging
 + Level 2.5 Stealth


You had one spell level left.
You didn't know any spells.
Your spell library was empty.

Dungeon Overview and Level Annotations

Branches:
Dungeon (1/15)

Altars:


Innate Abilities, Weirdness & Mutations

You have extremely sharp teeth.
When hurt, damage is shared between your health and your magic reserves.
Your bite disrupts and absorbs the magic of your enemies.
Potions cannot restore your health.


Message History

The bat barely misses you.
A bat is nearby!
You closely miss the bat. The bat completely misses you. The bat hits you. x2
You closely miss the bat. You bite the bat.
You kill the bat!
No target in view!
Key pressed, stopping explore.
No target in view!
No target in view!
You see here a bat corpse.
A goblin comes into view. It is wielding a +2 dagger of draining.
A goblin is nearby!
A goblin is nearby!
The helpless goblin fails to defend itself.
You puncture the goblin!
You kill the goblin!
Things that are here:
a +2 dagger of draining; a goblin corpse No target in view!
No target in view!
g - a +2 dagger of draining You sense an unholy aura.
g - a +2 dagger of draining (weapon)
You drop a +0 short sword.
As you read the scroll labelled ROPIOSCHAUT, it crumbles to dust.
It is a scroll of identify.
f - a potion of heal wounds
Found a stone staircase leading down.
No target in view!
No target in view!
A kobold comes into view.
It is wielding a +2 short sword of electrocution.
The kobold shouts!
A kobold is nearby!
You see here a scroll labelled GIEPNA TAIS.
A kobold is nearby!
A kobold is nearby!
The kobold hits you with a +2 short sword of electrocution.
You are electrocuted!
Ouch! That really hurt!
You die...

#......# #..
#......# #.#
#......# ..#
##.....# ..#
##..)..## #.#
#.......# #.# .#
#.......# #K# .#
#.......#
#@###.#####.....##
#.?....[...#...###
#..........###....
#..............###
#..........####...
#..>...>... #...##
#..##########.##..
#>..#######......#
#......†.....#####


You could see a kobold.

Vanquished Creatures
  2 bats (D:1)
  2 endoplasms (D:1)
  3 goblins (D:1)
  A kobold (D:1)
  A ball python (D:1)
9 creatures vanquished.

Notes
Turn   | Place    | Note
-------+----------+-------------------------------------------
     0 | D:1      | coolguy69 the Vine Stalker Monk began the quest for the
                  | Orb.
     0 | D:1      | Reached XP level 1. HP: 11/11 MP: 2/2
   240 | D:1      | Reached XP level 2. HP: 14/16 MP: 3/3
   504 | D:1      | Slain by a kobold

Illustrated notes

Levels and vault maps discovered:
D:1:      nagdon_arrival_zigzag_paths, layout_rooms, nrook_mini_backslash

Action                   || total
-------------------------++-------
Melee: Short sword       ||    23
       Bite              ||     5
  Use: Scroll            ||     1
 Stab: Sleeping          ||     2
Armor: Robe              ||     2
Dodge: Dodged            ||    17

Table legend: (Time is in decaauts)
 A = Elapsed time spent in this place.
 B = Non-inter-level travel time spent in this place.
 C = Inter-level travel time spent in this place.
 D = Time resting spent in this place.
 E = Time spent auto-exploring this place.
 F = Levels seen in this place.
 G = Mean time per level.
                   A        B        C        D        E       F      G
               +--------+--------+--------+--------+--------+-----+--------+
         Total |    502 |    502 |      0 |      0 |    438 |   1 |  502.0 |
       Dungeon |    502 |    502 |      0 |      0 |    438 |   1 |  502.0 |
               +--------+--------+--------+--------+--------+-----+--------+

Top non-repeatable levels by time:
     D:1: 502 daAuts
